 Dungeon Crawl Stone Soup version 0.30.0-11-gf55b779eaf (webtiles) character file.

Game seed: 7198278372564121451

238 meatpath the Trooper (level 5, -1/48 HPs)
             Began as a Minotaur Berserker on May 16, 2023.
             Was a Priest of Trog.
             Slain by an orc
             ... wielding a +0 club
              (3 damage)
             ... on level 5 of the Dungeon.
             The game lasted 00:06:45 (2589 turns).

meatpath the Trooper (Minotaur Berserker)           Turns: 2589, Time: 00:06:46

Health: -1/48      AC:  5    Str: 21    XL:     5   Next: 78%
Magic:  0/4        EV: 11    Int:  6    God:    Trog [***...]
Gold:   169        SH:  0    Dex: 10    Spells: 4/4 levels left

rFire   . . .        a - +0 hand axe
rCold   . . .        (no shield)
rNeg    . . .        i - +0 ring mail
rPois   .            (helmet restricted)
rElec   .            (no cloak)
rCorr   .            (no gloves)
SInv    .            (no boots)
Will    .....        d - amulet of guardian spirit Stlth
                     (no ring)
HPRegen 0.28/turn    (no ring)
MPRegen 0.09/turn

%: guardian spirit
@: confused, on berserk cooldown, hasted and slowed
A: horns 2, retaliatory headbutt, talons 1
a: Renounce Religion, Berserk, Trog's Hand


You were on level 5 of the Dungeon.
You worshipped Trog.
Trog was most pleased with you.
You visited 1 branch of the dungeon, and saw 5 of its levels.

You collected 169 gold pieces.

Inventory:

Hand Weapons
 a - a +0 hand axe (weapon)
 p - a +1 dagger of venom
Missiles
 u - 6 silver javelins (quivered)
Armour
 b - a +0 animal skin
 i - a +0 ring mail (worn)
Jewellery
 d - an amulet of guardian spirit (around neck)
Scrolls
 c - a scroll of brand weapon
 f - a scroll of poison
 g - 2 scrolls of vulnerability
 k - a scroll of immolation
 m - 2 scrolls of fog
 o - 2 scrolls of noise {unknown}
 s - 3 scrolls of teleportation {unknown}
Potions
 e - a potion of haste
 h - a potion of lignification {unknown}
 j - a potion of mutation
 l - 2 potions of flight {unknown}
 n - 2 potions of heal wounds {unknown}
 q - a potion of might {unknown}
 r - a potion of magic {unknown}
 t - a potion of berserk rage {unknown}


   Skills:
 + Level 5.5 Fighting
 + Level 5.3 Axes
 + Level 3.8 Armour
 - Level 3.1 Dodging


You had 4 spell levels left.
You didn't know any spells.
Your spell library was empty.

Dungeon Overview and Level Annotations

Branches:
Dungeon (5/15)
 Temple: D:4-7

Altars:
Ashenzari
Qazlal

Shops:
D:4 :?


Innate Abilities, Weirdness & Mutations

You have a pair of horns on your head.
You reflexively headbutt those who attack you in melee.
You have sharp toenails.


Message History

Something hits you. x2
You hit something but do no damage. You barely miss the orc.
You miss something. The orc hits you with a +0 club.
Something hits you but does no damage. x2; The orc hits you but does no damage.
You hear some strange, mumbled words.
A magic dart appears from out of thin air!
The magic dart hits you!
You hear some strange, mumbled words.
You are confused.
You're too confused to move!
The orc closely misses you. Something hits you.
* * * LOW HITPOINT WARNING * * *
Something hits you.
* * * LOW HITPOINT WARNING * * *
You closely miss something. You barely miss the orc. You barely miss something.
The orc barely misses you.
Something hits you but does no damage. x2
The orc hits you with a +0 club.
* * * LOW HITPOINT WARNING * * *
Something hits you.
* * * LOW HITPOINT WARNING * * *
Something hits you but does no damage.
It was a potion of haste.
You feel yourself speed up. The orc misses you.
Something hits you but does no damage. x2
It was a potion of mutation.
You feel extremely strange.
Your toenails lengthen and sharpen.
The orc hits you with a +0 club. Something completely misses you.
Something hits you but does no damage.
You hit the orc. You claw the orc. Your headbutt misses the orc.
The orc is almost dead.
You barely miss something. You miss something.
You feel less confused. The orc hits you with a +0 club.
* * * LOW HITPOINT WARNING * * *
Something hits you.
* * * LOW HITPOINT WARNING * * *
Something hits you but does no damage. The orc attacks as you move away!
The orc hits you with a +0 club.
You hear some strange, mumbled words.
You are confused.
Something hits you but does no damage. The orc hits you with a +0 club.
You die...

. ..
...############
.......@......#
###.....o.{...#
#...........#
#...........#
#...........#
#.............
#...........###
#...........#
#...........#


You could see an orc.

Vanquished Creatures
  A jelly (D:4)
  A sleepcap (D:4)
  An iguana (D:4)
  Robin (D:2)
  5 adders
  2 worms
  A dart slug (D:3)
  4 orcs
  11 endoplasms
  4 giant cockroaches
  6 goblins
  11 hobgoblins
  6 jackals
  2 quokkas (D:1)
  5 ball pythons
  5 bats
  5 frilled lizards
  10 kobolds
  5 rats
86 creatures vanquished.

Notes
Turn   | Place    | Note
-------+----------+-------------------------------------------
     0 | D:1      | meatpath the Minotaur Berserker began the quest for the
                  | Orb.
     0 | D:1      | Reached XP level 1. HP: 19/19 MP: 0/0
   122 | D:1      | Reached XP level 2. HP: 27/27 MP: 1/1
   573 | D:2      | Reached XP level 3. HP: 33/33 MP: 2/2
   708 | D:2      | Reached ** piety under Trog
   804 | D:2      | Reached XP level 4. HP: 39/41 MP: 3/3
   977 | D:2      | Found a broken altar of Ashenzari.
  1132 | D:2      | Noticed Robin
  1140 | D:2      | Killed Robin
  1647 | D:3      | Found a stormy altar of Qazlal.
  1924 | D:3      | Reached skill level 5 in Fighting
  2055 | D:4      | Reached skill level 5 in Axes
  2055 | D:4      | Reached XP level 5. HP: 23/48 MP: 4/4
  2227 | D:4      | Found Loetolupn's Magic Scroll Emporium.
  2245 | D:4      | Reached *** piety under Trog
  2263 | D:4      | Identified the +0 leather armour "Taeddaeq" {Will+}
  2271 | D:4      | Found Wupsitha's Tremendous Tomes.
  2549 | D:5      | Entered Level 5 of the Dungeon
  2586 | D:5      | Gained mutation: You have sharp toenails. [potion of
                  | mutation]
  2587 | D:5      | HP: 1/48 [something (3)]
  2589 | D:5      | Slain by an orc

Illustrated notes

Levels and vault maps discovered:
D:1:      onia_arrival_mini_spirals, layout_rooms,
          chequers_serial_rivers_small_3
D:2:      layout_basic, basic_altar, kennysheep_generic_room_9, uniq_robin
D:3:      kennysheep_six_static_rooms, layout_rooms,
          nicolae_qazlal_general_emergency
D:4:      layout_rooms, serial_shops, nicolae_shop_competitors_out_of_business,
          nicolae_shop_i_like_big_books, minmay_misc_feat_secret_circle
D:5:      layout_basic

Skill      XL: |  1  2  3  4 |
---------------+-------------+-----
Fighting       | 4 5 |  5.5
Axes           | 4 5 |  5.3
Dodging        | 3 |  3.1
Armour         | 3 |  3.8

Action                     |  1- 3 |  4- 6 || total
---------------------------+-------+-------++-------
  Melee: Hand axe          |    69 |   118 ||   187
         Headbutt          |    11 |    15 ||    26
         Punch             |     1 |       ||     1
         Kick              |       |     1 ||     1
 Invoke: Berserk           |     1 |     3 ||     4
    Use: Scroll            |       |     5 ||     5
         Potion            |       |     2 ||     2
 Armour: Animal skin       |    14 |       ||    14
         Ring mail         |     4 |    43 ||    47
  Dodge: Dodged            |    56 |    81 ||   137
